 Dungeon Crawl Stone Soup version 0.30-a0-4-ga7cffc901d (webtiles) character file.

Game seed: 4124356160147873747

36 Setbun the Sneak (level 3, 0/20 HPs)
             Began as a Kobold Enchanter on Aug 20, 2022.
             Succumbed to an adder's poison
             ... on level 2 of the Dungeon.
             The game lasted 00:01:10 (1925 turns).

Setbun the Sneak (Kobold Enchanter)                 Turns: 1925, Time: 00:01:10

Health: 0/20       AC:  2    Str:  5    XL:     3   Next: 57%
Magic:  6/6        EV: 15    Int: 16    God:
Gold:   130        SH:  0    Dex: 17    Spells: 6/6 levels left

rFire   . . .      SeeInvis .    a - +1 dagger
rCold   . . .      Faith    .    (no shield)
rNeg    . . .      Spirit   .    b - +0 robe
rPois   .          Reflect  .    (no helmet)
rElec   .          Harm     .    (no cloak)
rCorr   .          Rampage  .    (no gloves)
Will    .....                    (no boots)
Stlth   ++++......               (no amulet)
HPRegen 0.06/turn                (no ring)
MPRegen 0.10/turn                (no ring)

@: lethally poisoned (0 -> -5)
A: small, no large weapons, nightstalker 3
a: no special abilities


You were on level 2 of the Dungeon.
You visited 1 branch of the dungeon, and saw 2 of its levels.

You collected 130 gold pieces.

Inventory:

Hand Weapons
 a - a +1 dagger (weapon)
Armour
 b - a +0 robe (worn)
Scrolls
 d - a scroll of magic mapping {unknown}
 e - 2 scrolls of identify {unknown}
 f - a scroll of vulnerability {unknown}
Potions
 c - 2 potions of invisibility
 g - a potion of attraction {unknown}
 h - a potion of cancellation {unknown}
 i - a potion of degeneration {unknown}


   Skills:
 + Level 1.0 Fighting
 + Level 2.1 Short Blades
 * Level 3.1 Dodging
 * Level 4.9 Stealth
 - Level 2.1 Spellcasting
 - Level 3.0 Hexes


You had 6 spell levels left.
You didn't know any spells.
Your spell library contained the following spells:

 Spells                   Type           Power      Damage    Failure   Level
 Ensorcelled Hibernation  Hex/Ice        12%        N/A       17%         2
 Confusing Touch          Hex            11%        N/A       19%         3
 Tukima's Dance           Hex            11%        N/A       19%         3
 Dazzling Flash           Conj/Hex       12%        N/A       32%         3


Dungeon Overview and Level Annotations

Branches:
Dungeon (2/15)

Altars:


Innate Abilities, Weirdness & Mutations

You are small and have problems with some larger weapons.
You are completely attuned to the shadows.


Message History

The worm is severely wounded.
The worm barely misses you.
You hit the worm.
The worm is severely wounded.
The worm barely misses you.
You hit the worm.
The worm is severely wounded.
The adder hisses angrily.
There are monsters nearby!
There are monsters nearby!
You hit the worm.
You kill the worm!
The adder bites you.
You see here a worm corpse.
You barely miss the adder. The adder bites you.
You are poisoned.
The adder poisons you!
You hit the adder but do no damage.
You feel sick. The adder closely misses you.
You hit the adder.
The adder is heavily wounded.
You feel sick. The adder bites you.
You barely miss the adder.
The adder is heavily wounded.
You feel sick. The adder bites you.
You are lethally poisoned!
The adder poisons you!
You hit the adder.
The adder is almost dead.
* * * LOW HITPOINT WARNING * * *
You feel sick. The adder bites you.
* * * LOW HITPOINT WARNING * * *
The adder misses you.
You miss the adder.
The adder is almost dead.
* * * LOW HITPOINT WARNING * * *
You feel sick. The adder closely misses you.
You hit the adder.
You kill the adder!
You die...

........# #.#
........# ###.#
..>.....# ##...#
........## ##..###
......#..# #..##
#.####.#... #.####
#.####...#.!##.....
.......#...........
.......##..##†@....
........# #.
##..... .....†..#
#..... .......).##
#..... ...........
#..... ..##.......
...........
###........
...........


There were no monsters in sight!

Vanquished Creatures
  An adder (D:2)
  A worm (D:2)
  A dart slug (D:1)
  4 bats
  5 endoplasms
  2 hobgoblins (D:2)
  3 kobolds (D:1)
  A quokka (D:1)
  2 ball pythons
  A frilled lizard (D:1)
  5 goblins
  4 rats
30 creatures vanquished.

Notes
Turn   | Place    | Note
-------+----------+-------------------------------------------
     0 | D:1      | Setbun the Kobold Enchanter began the quest for the Orb.
     0 | D:1      | Reached XP level 1. HP: 10/10 MP: 3/3
   145 | D:1      | Reached XP level 2. HP: 16/16 MP: 5/5
  1297 | D:1      | Reached XP level 3. HP: 12/20 MP: 6/6
  1819 | D:2      | Reached skill level 1 in Fighting
  1924 | D:2      | HP: 1/20 [poisoned by an adder]
  1925 | D:2      | Succumbed to an adder's poison

Illustrated notes

Levels and vault maps discovered:
D:1:      dpeg_arrival_fog, layout_loops_corners, nicolae_figureground_pulse
D:2:      layout_rooms

Skill      XL: |  1  2  3 |
---------------+----------+-----
Short Blades   | 2 |  2.1
Dodging        | 3 |  3.1
Fighting       | 1 |  1.0
Stealth        | |  4.9
Spellcasting   | |  2.1
Hexes          | |  3.0

Action                   || total
-------------------------++-------
Melee: Dagger            ||    95
       Punch             ||     1
 Stab: Sleeping          ||    12
Armor: Robe              ||     9
Dodge: Dodged            ||    53

Table legend: (Time is in decaauts)
 A = Elapsed time spent in this place.
 B = Non-inter-level travel time spent in this place.
 C = Inter-level travel time spent in this place.
 D = Time resting spent in this place.
 E = Time spent auto-exploring this place.
 F = Levels seen in this place.
 G = Mean time per level.
                   A        B        C        D        E       F      G
               +--------+--------+--------+--------+--------+-----+--------+
         Total |   1916 |   1894 |     22 |    145 |   1554 |   2 |  958.0 |
       Dungeon |   1916 |   1894 |     22 |    145 |   1554 |   2 |  958.0 |
               +--------+--------+--------+--------+--------+-----+--------+

Top non-repeatable levels by time:
     D:1: 1777 daAuts
     D:2: 139 daAuts
